 Dungeon Crawl Stone Soup version 0.18-a0-5-gf1fb587 (webtiles) character file.

296 kroki the Ruffian (level 6, -5/88 HPs)
             Began as a Troll Berserker on Oct 31, 2015.
             Was a Priest of Trog.
             Slain by Duvessa
             ... wielding a +2 short sword of draining
              (14 damage)
             ... on level 4 of the Dungeon.
             The game lasted 00:07:10 (3147 turns).

kroki the Ruffian (Troll Berserker)                 Turns: 3147, Time: 00:07:10

Health: -5/88      AC:  6    Str: 31    XL:     6   Next: 12%
Magic:  5/5        EV:  9    Int:  3    God:    Trog [***...]
Gold:   151        SH:  0    Dex: 11    Spells: 0 memorised, 5 levels left

rFire  . . .     SeeInvis .       - Unarmed
rCold  . . .     Clarity  .     a - +0 animal skin
rNeg   . . .     SustAt   .     (no shield)
rPois  .         Gourm    +     (helmet restricted)
rElec  .         Spirit   .     d - +0 cloak (curse)
rCorr  .         Warding  .     (gloves unavailable)
rMut   .         Stasis   .     (boots unavailable)
MR     .....                    (no amulet)
Stlth  ..........               l - ring of stealth {Stlth+}
                                g - ring of stealth {Stlth+}

@: berserking, heavily drained, very quick, not resistant to hostile
enchantments, extremely unstealthy
A: unfitting armour, claws 3, fast metabolism 3, gourmand, regeneration 2,
shaggy fur 1, tough skin 2
a: Berserk, Trog's Hand, Burn Spellbooks, Renounce Religion


You were on level 4 of the Dungeon.
You worshipped Trog.
Trog was most pleased with you.
You were very full.

You visited 1 branch of the dungeon, and saw 4 of its levels.

You collected 151 gold pieces.

Inventory:

Missiles
 j - 8 curare-tipped needles
Armour
 a - a +0 animal skin (worn)
 d - a cursed +0 cloak (worn)
   (You found it on level 1 of the Dungeon)
Jewellery
 e - an uncursed ring of protection from cold {rC+, !d}
   (You found it on level 1 of the Dungeon)
 g - a ring of stealth (left claw) {Stlth+}
   (You found it on level 3 of the Dungeon)
 l - a ring of stealth (right claw) {Stlth+}
   (You found it on level 2 of the Dungeon)
Potions
 f - a potion of cancellation
 h - 2 potions of brilliance
 i - a potion of ambrosia {unknown}
Comestibles
 b - 3 bread rations {@e1}
 c - a meat ration {@e2}
 m - 10 chunks of flesh {@w0}


   Skills:
 - Level 2.4(1.1) Fighting
 - Level 2.4(1.1) Dodging
 + Level 6.9(5.4) Unarmed Combat


You had 5 spell levels left.
You didn't know any spells.

Dungeon Overview and Level Annotations

Branches:
Dungeon (4/15)             Temple (0/1) D:4

Altars:
Elyvilon

Annotations:
D:1 na harpim szponie szkarlatny atrament
D:3 za oknem ponury sie marszczy firnament
D:4 potwory na szybie ogarnia trwoga, Duvessa


Innate Abilities, Weirdness & Mutations

You are too large for most types of armour.
You have claws for hands.
Your metabolism is lightning-fast.
You like to eat raw meat.
You heal very quickly.
You are covered in fur (AC +1).
You have very tough skin (AC +2).


Message History

The orc hits you but does no damage.
A giant newt and Dowan come into view.
Health restored: 50 You aren't carrying any items that can be evoked.
Unknown command.
The orc barely misses you.
Drink which item? (? for menu, Esc to quit)
Okay, then.
You hear the slow hiss of a very distant avalanche of sand.
The orc hits you but does no damage. The gnoll misses you.
You aren't carrying any items that can be evoked.
Unknown command.
The gnoll barely misses you. The gnoll hits you with a spear.
The orc hits you but does no damage.
You take 2 damage, and have 48/50 hp.
The orc shouts!
You claw the gnoll!
You kill the gnoll!
Trog accepts your kill.
The orc hits you from afar with a trident.
You take 2 damage, and have 46/50 hp.
The orc barely misses you. The orc hits you but does no damage.
You see here a spear.
You closely miss the orc. The orc hits you.
You take 3 damage, and have 43/50 hp.
Dowan shouts!
You claw the orc!
You kill the orc!
Trog accepts your kill. The orc hits you but does no damage.
You claw the orc! Your claw misses the orc. You scratch the orc.
You kill the orc!
Trog accepts your kill. The orc misses you.
Dowan mumbles some strange words.
Dowan blinks!
Duvessa says, "My weaknesses are his strengths!"
Duvessa zaps a wand.
The puff of flame hits you!
It is a wand of flame.
You take 9 damage, and have 35/50 hp.
You claw the orc!
You kill the orc!
Trog accepts your kill.
Duvessa says, "My weaknesses are his strengths!"
The giant newt bites you but does no damage.
The giant newt closely misses you.
Things that are here:
a club; a trident; an orc corpse You miss the giant newt.
The giant newt barely misses you.
You barely miss the giant newt. The giant newt barely misses you.
You claw the giant newt!
You kill the giant newt!
Trog accepts your kill.
Unknown command.
You mangle Dowan!!
Dowan says, "Stay away from my face!"
Dowan hits you but does no damage.
You claw Dowan!
You kill Dowan!
Trog accepts your kill.
Trog appreciates your killing of a magic user.
Duvessa weeps, then rights herself and shakes her weapon.
Duvessa goes berserk!
You have reached level 6!
Your experience leads to an increase in your attributes!
Increase (S)trength, (I)ntelligence, or (D)exterity?
You feel agile.
You feel stronger.
Duvessa rages.
Duvessa hits you with a short sword of draining!
You feel drained.
You take 3 damage, and have 35/59 hp.
MP restored: 5 You closely miss Duvessa.
Duvessa hits you with a short sword of draining!
You feel drained.
You take 16 damage, and have 19/59 hp.
MASSIVE DAMAGE!!
A red film seems to cover your vision as you go berserk!
You feel yourself moving faster!
You feel mighty!
You feel quite a bit less full.
Duvessa hits you with a short sword of draining.
* * * LOW HITPOINT WARNING * * *
You feel drained.
* * * LOW HITPOINT WARNING * * *
You now have 21/88 hp.
You barely miss Duvessa.
Duvessa hits you with a short sword of draining!
* * * LOW HITPOINT WARNING * * *
You feel drained.
* * * LOW HITPOINT WARNING * * *
You take 14 damage, and have 7/88 hp.
You closely miss Duvessa. Duvessa closely misses you.
You claw Duvessa! Duvessa barely misses you.
Unknown command.
You claw Duvessa! Duvessa barely misses you.
You barely miss Duvessa.
Duvessa hits you with a short sword of draining!
You die...

##...## #####.......#.⌠.⌠.#
###..## #....#.....#.....#
##..## #.###..##..###'###
##..## #.###.###.........
##..# #.#....#..........
##.####.........#.......
##....##.##...#....#.....
#......#)###.....###.....
.###......e@##...##.# #..#..
..........#.##.#.##.###.....
..........#.# # ..........
...#......... .###.....
............## ...####.....
.##........... ............
...........##. ...####.....
..#..#.##...# . ##.†##.
####... .e## #...###


You could see Duvessa (berserk).

Vanquished Creatures
  Dowan (D:4)
  A hound (D:4)
  An orc wizard (D:3)
  A worker ant (D:4)
  5 adders
  A gnoll (D:4)
  4 worms
  2 giant geckos
  18 orcs
  3 giant cockroaches
  9 hobgoblins
  5 jackals
  8 kobolds
  2 quokkas
  A ball python (D:3)
  4 bats
  4 giant newts
  7 goblins
  9 rats
86 creatures vanquished.

Notes
Turn   | Place    | Note
--------------------------------------------------------------
     0 | D:1      | kroki the Troll Berserker began the quest for the Orb.
     0 | D:1      | Reached XP level 1. HP: 22/22 MP: 0/0
   111 | D:1      | Reached XP level 2. HP: 17/29 MP: 1/1
   580 | D:1      | Reached skill level 4 in Unarmed Combat
   704 | D:2      | Reached ** piety under Trog
   803 | D:2      | Reached XP level 3. HP: 36/36 MP: 2/2
   941 | D:2      | Found a white marble altar of Elyvilon.
  1654 | D:2      | Reached skill level 5 in Unarmed Combat
  1654 | D:2      | Reached XP level 4. HP: 41/44 MP: 3/3
  2366 | D:3      | Reached XP level 5. HP: 50/50 MP: 4/4
  2975 | D:4      | Reached skill level 6 in Unarmed Combat
  2978 | D:4      | Reached *** piety under Trog
  3082 | D:4      | Found a staircase to the Ecumenical Temple.
  3119 | D:4      | Noticed Duvessa
  3120 | D:4      | Noticed Dowan
  3140 | D:4      | Killed Dowan
  3140 | D:4      | Reached XP level 6. HP: 44/59 MP: 5/5
  3142 | D:4      | HP: 21/88 [Duvessa/short sword of draining (2)]
  3143 | D:4      | HP: 8/88 [Duvessa/short sword of draining (13)]
  3147 | D:4      | Slain by Duvessa

Vault maps used:
D:1:      dpeg_arrival_pits
D:2:      elyvilon_altar_5, kennysheep_cross_bottleneck, kennysheep_crisscross,
          hangedman_decor_peaks_small
D:4:      minmay_temple_entry_hall, serial_glass, glass_columns_a,
          glass_columns_b, first_bread, nicolae_ossuary_entry_false_entrances,
          uniq_duvessa

Action                   |  1- 3 |  4- 6 || total
-------------------------+-------+-------++-------
Melee: Unarmed           |   113 |   120 ||   233
Invok: Berserk           |     1 |     1 ||     2
       Trog's Hand       |       |     1 ||     1
  Use: Scroll            |     2 |     7 ||     9
  Eat: Chunk             |     7 |    21 ||    28
       Meat ration       |     1 |       ||     1
       Beef jerky        |     1 |       ||     1

Vault maps used:
D:1:      dpeg_arrival_pits
D:2:      elyvilon_altar_5, kennysheep_cross_bottleneck, kennysheep_crisscross,
          hangedman_decor_peaks_small
D:4:      minmay_temple_entry_hall, serial_glass, glass_columns_a,
          glass_columns_b, first_bread, nicolae_ossuary_entry_false_entrances,
          uniq_duvessa

Table legend:
 A = Turns spent in this place as a percentage of turns spent in the entire game.
 B = Non-inter-level travel turns spent in this place as a percentage of non-inter-level travel turns spent in the entire game.
 C = Inter-level travel turns spent in this place as a percentage of turns spent in this place.
 D = Turns resting spent in this place as a percentage of non-inter-level travel turns spent in this place.
 E = Turns spent auto-exploring this place as a percentage of non-inter-level travel turns spent in this place.
 F = Non-inter-level travel turns spent in this place divided by the number of levels of this place that you've seen.
                   A       B       C       D       E      F
               +-------+-------+-------+-------+-------+----------------------
         Total | 100.0 | 100.0 |   0.3 |   0.6 |   6.0 | 406.2
       Dungeon | 100.0 | 100.0 |   0.3 |   0.6 |   6.0 | 406.2
               +-------+-------+-------+-------+-------+----------------------

Table legend:
 A = Kills in this place as a percentage of kills in entire the game.
 B = Kills by you in this place as a percentage of kills by you in the entire game.
 C = Kills by friends in this place as a percentage of kills by friends in the entire game.
 D = Other kills in this place as a percentage of other kills in the entire game.
 E = Experience gained in this place as a percentage of experience gained in the entire game.
 F = Experience gained in this place divided by the number of levels of this place that you have seen.
                   A       B       C       D       E      F
               +-------+-------+-------+-------+-------+----------------------
         Total | 100.0 | 100.0 |  -nan |  -nan | 100.0 | 105.8
       Dungeon | 100.0 | 100.0 |  -nan |  -nan | 100.0 | 105.8
               +-------+-------+-------+-------+-------+----------------------
